 Dungeon Crawl Stone Soup version 0.30-a0-605-gb2882149bf (webtiles) character file.

Game seed: 12083302519448502761

73 acebull12 the Grave Robber (level 4, 0/31 HPs)
             Began as a Demonspawn Necromancer on Jan 7, 2023.
             Slain by Natasha (4 damage)
             ... on level 2 of the Dungeon.
             The game lasted 00:09:26 (2165 turns).

acebull12 the Grave Robber (Demonspawn Necromancer) Turns: 2165, Time: 00:09:27

Health: 0/31       AC:  4    Str:  8    XL:     4   Next: 8%
Magic:  6/8        EV: 12    Int: 24    God:
Gold:   96         SH:  0    Dex: 14    Spells: 7/8 levels left

rFire   . . .      SeeInvis .    e - +0 mace
rCold   . . .      Faith    .    (no shield)
rNeg    . . .      Spirit   .    n - +2 animal skin
rPois   .          Reflect  .    (helmet restricted)
rElec   .          Harm     .    (no cloak)
rCorr   .          Rampage  .    (no gloves)
Will    .....                    (no boots)
Stlth   ++                       (no amulet)
HPRegen 0.25/turn                l - +6 ring of intelligence
MPRegen 0.11/turn                (no ring)

@: no status effects
A: antennae 1, foul stench 1
a: no special abilities


You were on level 2 of the Dungeon.
You visited 1 branch of the dungeon, and saw 2 of its levels.

You collected 96 gold pieces.

Inventory:

Hand Weapons
 e - a +0 mace (weapon)
 i - a +0 short sword
Missiles
 m - 21 stones
Armour
 a - a +0 robe
 f - a +0 ring mail
 n - a +2 animal skin (worn)
Jewellery
 l - a +6 ring of intelligence (left hand)
Scrolls
 d - 2 scrolls of teleportation {unknown}
 g - a scroll of enchant armour {unknown}
 h - 4 scrolls of identify {unknown}
 k - a scroll of blinking {unknown}
 o - a scroll of fog {unknown}
Potions
 b - a potion of magic
 c - 2 potions of heal wounds {unknown}
 j - a potion of mutation {unknown}


   Skills:
 * Level 0.3 Fighting
 * Level 0.5 Armour
 + Level 1.7 Dodging
 + Level 1.8 Stealth
 * Level 2.6 Spellcasting
 * Level 5.5 Necromancy


You had 7 spell levels left.
You knew the following spells:

 Your Spells              Type           Power      Damage    Failure   Level
a - Necrotise             Necr           100%       1d9       1%          1

Your spell library contained the following spells:

 Spells                   Type           Power      Damage    Failure   Level
 Vampiric Draining        Necr           29%        2d8       3%          3
 Animate Dead             Necr           29%        N/A       12%         4
 Dazzling Flash           Conj/Hex       6%         N/A       32%         3
 Agony                    Necr           29%        N/A       32%         5
 Silence                  Hex/Air        1%         N/A       97%         5


Dungeon Overview and Level Annotations

Branches:
Dungeon (2/15)

Altars:

Annotations:
D:2 Natasha, Sigmund


Innate Abilities, Weirdness & Mutations

You have a pair of small antennae on your head.
You may rarely emit foul miasma when damaged in melee.


Message History

Natasha writhes in agony.
Natasha casts a spell at you. The magic dart hits you.
The crimson imp blinks!
You hit Natasha.
Natasha is moderately wounded.
Natasha claws you but does no damage. Natasha misses you.
You closely miss Natasha.
Natasha is moderately wounded.
The crimson imp barely misses you. Natasha claws you but does no damage.
You hit Natasha.
Natasha is moderately wounded.
The crimson imp closely misses you. Natasha misses you.
The crimson imp hits you but does no damage.
You hit Natasha but do no damage.
Natasha is moderately wounded.
Natasha stares at you and mumbles some strange words.
The magic dart hits you. The crimson imp barely misses you.
Natasha casts a spell.
You hit Natasha.
Natasha is severely wounded.
The crimson imp hits you. Natasha casts a spell at you.
The magic dart hits you!
The crimson imp hits you but does no damage.
You barely miss Natasha.
Natasha is severely wounded.
Natasha claws you.
The crimson imp blinks!
Natasha barely misses you.
You hit Natasha but do no damage.
Natasha is severely wounded.
The crimson imp blinks!
Natasha claws you!
* * * LOW HITPOINT WARNING * * *
You closely miss Natasha. You punch Natasha.
Natasha is almost dead.
Natasha mumbles some strange words.
Natasha's front paws start to glow.
Natasha barely misses you.
You closely miss Natasha.
Natasha is almost dead.
Natasha claws you.
You die...

# #.#.###.# #. #.#.####.
#.## #.# # #........ ##
##.###.# ........< #.#
##.##.# ###.#####
#.###.###.# # #.#.## #.#
. ##########.#.###.# #
..............##.#
.########....###@#
####........5....h5....#
.....####....###.#####.#
###### ##.#.....#
#.####### ..# ###


You could see Natasha, a crimson imp (summoned) and a white imp (summoned).

Vanquished Creatures
  Robin (D:2)
  7 ball pythons (D:1)
  2 endoplasms
  9 goblins
  6 hobgoblins
  3 jackals (D:2)
  5 kobolds
  4 quokkas
  5 bats
  A frilled lizard (D:2)
  7 rats
50 creatures vanquished.

Vanquished Creatures (collateral kills)
  An endoplasm (D:1)
  A giant cockroach (D:2)
  2 rats (D:1)
4 creatures vanquished.

Grand Total: 54 creatures vanquished

Notes
Turn   | Place    | Note
-------+----------+-------------------------------------------
     0 | D:1      | acebull12 the Demonspawn Necromancer began the quest for
                  | the Orb.
     0 | D:1      | Reached XP level 1. HP: 13/13 MP: 3/3
   265 | D:1      | Gained mutation: You have a pair of small antennae on your
                  | head. [demonic ancestry]
   265 | D:1      | Reached XP level 2. HP: 19/19 MP: 1/5
   342 | D:1      | Found a faded altar of an unknown god.
   471 | D:1      | Reached skill level 5 in Necromancy
  1099 | D:1      | Reached XP level 3. HP: 25/25 MP: 4/6
  1930 | D:2      | Noticed Robin
  1996 | D:2      | Killed Robin
  1997 | D:2      | Gained mutation: You may rarely emit foul miasma when
                  | damaged in melee. [demonic ancestry]
  1997 | D:2      | Reached XP level 4. HP: 15/31 MP: 1/8
  2141 | D:2      | Noticed Sigmund
  2153 | D:2      | Noticed Natasha
  2165 | D:2      | Slain by Natasha

Illustrated notes

Levels and vault maps discovered:
D:1:      minmay_arrival_three_doors, layout_basic, basic_ecumenical_altar
D:2:      wad_pebble_path, layout_loops_ring, basic_altar, uniq_sigmund,
          uniq_natasha, uniq_robin

Skill      XL: |  1  2 |
---------------+-------+-----
Necromancy     | 5 |  5.5
Fighting       | |  0.3
Armour         | |  0.5
Dodging        | |  1.7
Stealth        | |  1.8
Spellcasting   | |  2.6

Action                   |  1- 3 |  4- 6 || total
-------------------------+-------+-------++-------
Melee: Mace              |    18 |     9 ||    27
       Punch             |       |     1 ||     1
 Cast: Necrotise         |    69 |     4 ||    73
 Stab: Sleeping          |     1 |       ||     1
Armor: Robe              |     8 |       ||     8
       Animal skin       |       |     4 ||     4
Dodge: Dodged            |    46 |     7 ||    53

Table legend: (Time is in decaauts)
 A = Elapsed time spent in this place.
 B = Non-inter-level travel time spent in this place.
 C = Inter-level travel time spent in this place.
 D = Time resting spent in this place.
 E = Time spent auto-exploring this place.
 F = Levels seen in this place.
 G = Mean time per level.
                   A        B        C        D        E       F      G
               +--------+--------+--------+--------+--------+-----+--------+
         Total |   2175 |   1974 |    201 |     70 |   1480 |   2 | 1087.5 |
       Dungeon |   2175 |   1974 |    201 |     70 |   1480 |   2 | 1087.5 |
               +--------+--------+--------+--------+--------+-----+--------+

Top non-repeatable levels by time:
     D:1: 1435 daAuts
     D:2: 740 daAuts
